| TOP OF THE 1ST |
|
University of Toronto Marlies batting - Pitching for Rice University Owls : RHP Bill Gillberry
|
|
Pitching: RHP Bill Gillberry
|
|
|
Batting: LHB Efrem Isaev
|
0-0: Ball 1-0: Foul Ball, location: 2F 1-1: SINGLE (Line Drive, 9S, EV 105.6 MPH)
|
|
Batting: RHB Logan Johnson
|
0-0: Called Strike 0-1: Ball 1-1: Ball 2-1: Fielders Choice at 2nd, 6-4 (Groundball, 6M, EV 98.8 MPH)
|
|
Batting: SHB Jack Tierney
|
0-0: Called Strike 0-1: Foul Ball, location: 2F 0-2: Fielders Choice at 2nd, 6-4 (Groundball, 6, EV 84.4 MPH)
|
|
Batting: RHB Elmar Adenauer
|
0-0: Ball 1-0: Called Strike 1-1: Called Strike Jack Tierney steals 2nd base 1-2: SINGLE (Groundball, 25, EV 76.9 MPH) (infield hit) Jack Tierney to third
|
|
Batting: SHB Shannon Britten
|
0-0: Fly out, F6 (Line Drive, 6, EV 67.5 MPH)
|
| Top of the 1st over - 0 runs, 2 hits, 0 errors, 2 left on base; University of Toronto 0 - Rice University 0 |
| BOTTOM OF THE 1ST |
|
Rice University Owls batting - Pitching for University of Toronto Marlies : LHP Ryan Quintero
|
|
Pitching: LHP Ryan Quintero
|
|
|
Batting: RHB Caleb Mercer
|
0-0: Called Strike 0-1: Ball 1-1: Swinging Strike 1-2: Ball 2-2: Strikes out swinging
|
|
Batting: RHB Javier Quinones
|
0-0: Foul Ball, location: 2F 0-1: Foul Ball, location: 2F 0-2: Ball 1-2: Ball 2-2: Strikes out swinging
|
|
Batting: SHB Ken Wilson
|
0-0: Ball 1-0: Foul Ball, location: 2F 1-1: SINGLE (Groundball, 6D, EV 101.2 MPH)
|
|
Batting: SHB Dave Van Sickle
|
0-0: Ball 1-0: Fly out, F8 (Flyball, 8LD, EV 96.2 MPH)
|
| Bottom of the 1st over - 0 runs, 1 hit, 0 errors, 1 left on base; University of Toronto 0 - Rice University 0 |
| TOP OF THE 2ND |
|
University of Toronto Marlies batting - Pitching for Rice University Owls : RHP Bill Gillberry
|
|
Batting: RHB Jeff McClellan
|
0-0: Ball 1-0: Foul Ball, location: 2F 1-1: Ground out 4-3 (Groundball, 4, EV 87.5 MPH)
|
|
Batting: RHB Charlie Townend
|
0-0: Ball 1-0: Foul Ball, location: 2F 1-1: Ball 2-1: Swinging Strike 2-2: Foul Ball, location: 2F 2-2: Ball 3-2: Foul Ball, location: 2F 3-2: Foul Ball, location: 2F 3-2: Strikes out swinging
|
|
Batting: SHB Jose Melendez
|
0-0: Called Strike 0-1: Ball 1-1: DOUBLE (Line Drive, 89M, EV 101.2 MPH)
|
|
Batting: LHB Greg Robertson
|
0-0: Fly out, F8 (Flyball, 8LD, EV 83.1 MPH)
|
| Top of the 2nd over - 0 runs, 1 hit, 0 errors, 1 left on base; University of Toronto 0 - Rice University 0 |
| BOTTOM OF THE 2ND |
|
Rice University Owls batting - Pitching for University of Toronto Marlies : LHP Ryan Quintero
|
|
Batting: SHB Wendel van Baal
|
0-0: Ball 1-0: Ball 2-0: Foul Ball, location: 2F 2-1: Foul Ball, location: 2F 2-2: Ball 3-2: Foul Ball, location: 2F 3-2: Strikes out swinging
|
|
Batting: LHB Chris Gonzales
|
0-0: Called Strike 0-1: Foul Ball, location: 2F 0-2: Ball 1-2: Ball 2-2: Strikes out swinging
|
|
Batting: RHB Alex Alvarez
|
0-0: Foul Ball, location: 2F 0-1: Swinging Strike 0-2: Ball 1-2: SOLO HOME RUN (Flyball, 78XD, EV 110.6 MPH), Distance : 440 ft
|
|
Batting: RHB Bill Turcotte
|
0-0: Ball 1-0: Called Strike 1-1: Ground out 6-3 (Groundball, 6, EV 85.0 MPH)
|
| Bottom of the 2nd over - 1 run, 1 hit, 0 errors, 0 left on base; University of Toronto 0 - Rice University 1 |
| TOP OF THE 3RD |
|
University of Toronto Marlies batting - Pitching for Rice University Owls : RHP Bill Gillberry
|
|
Batting: LHB Efrem Isaev
|
0-0: Foul Ball, location: 2F 0-1: Swinging Strike 0-2: Ball 1-2: Strikes out swinging
|
|
Batting: RHB Logan Johnson
|
0-0: Fly out, F8 (Flyball, 8LD, EV 102.5 MPH)
|
|
Batting: SHB Jack Tierney
|
0-0: Ball 1-0: Ball 2-0: Ball 3-0: Called Strike 3-1: Called Strike 3-2: Strikes out swinging
|
| Top of the 3rd over - 0 runs, 0 hits, 0 errors, 0 left on base; University of Toronto 0 - Rice University 1 |
| BOTTOM OF THE 3RD |
|
Rice University Owls batting - Pitching for University of Toronto Marlies : LHP Ryan Quintero
|
|
Batting: RHB Emanuel Pulido
|
0-0: Called Strike 0-1: Ground out 6-3 (Groundball, 6M, EV 103.1 MPH)
|
|
Batting: RHB Caleb Mercer
|
0-0: Ball 1-0: Foul Ball, location: 2F 1-1: Ground out 1-3 (Groundball, 15, EV 66.2 MPH)
|
|
Batting: RHB Javier Quinones
|
0-0: Foul Ball, location: 2F 0-1: Swinging Strike 0-2: Strikes out swinging
|
| Bottom of the 3rd over - 0 runs, 0 hits, 0 errors, 0 left on base; University of Toronto 0 - Rice University 1 |
| TOP OF THE 4TH |
|
University of Toronto Marlies batting - Pitching for Rice University Owls : RHP Bill Gillberry
|
|
Batting: RHB Elmar Adenauer
|
0-0: Foul Ball, location: 2F 0-1: Ball 1-1: SINGLE (Flyball, 56D, EV 87.5 MPH)
|
|
Batting: SHB Shannon Britten
|
0-0: Ball 1-0: Foul Ball, location: 2F 1-1: Foul Ball, location: 2F 1-2: Ball 2-2: Strikes out swinging
|
|
Batting: RHB Jeff McClellan
|
0-0: Ball 1-0: Ball 2-0: Foul Ball, location: 2F 2-1: Ball 3-1: Base on Balls Elmar Adenauer to second
|
|
Batting: RHB Charlie Townend
|
0-0: Called Strike 0-1: Foul Ball, location: 2F 0-2: Grounds into double play, 5-4-3 (Groundball, 56, EV 86.9 MPH)
|
| Top of the 4th over - 0 runs, 1 hit, 0 errors, 1 left on base; University of Toronto 0 - Rice University 1 |
| BOTTOM OF THE 4TH |
|
Rice University Owls batting - Pitching for University of Toronto Marlies : LHP Ryan Quintero
|
|
Batting: SHB Ken Wilson
|
0-0: Ball 1-0: Foul Ball, location: 2F 1-1: Fly out, F5 (Flyball, 5D, EV 85.0 MPH)
|
|
Batting: SHB Dave Van Sickle
|
0-0: Called Strike 0-1: DOUBLE (Line Drive, 9LM, EV 110.6 MPH)
|
|
Batting: SHB Wendel van Baal
|
0-0: Called Strike 0-1: Fly out, F8 (Flyball, 89M, EV 71.2 MPH)
|
|
Batting: LHB Chris Gonzales
|
0-0: Ball 1-0: Foul Ball, location: 2F 1-1: Ball 2-1: Foul Ball, location: 2F 2-2: Strikes out swinging
|
| Bottom of the 4th over - 0 runs, 1 hit, 0 errors, 1 left on base; University of Toronto 0 - Rice University 1 |
| TOP OF THE 5TH |
|
University of Toronto Marlies batting - Pitching for Rice University Owls : RHP Bill Gillberry
|
|
Pitching: RHP Kenny Kirk
|
|
|
Now at 1B: Neil Worth
|
|
|
Batting: SHB Jose Melendez
|
0-0: Ball 1-0: Ball 2-0: Ground out 5-3 (Groundball, 56, EV 81.2 MPH)
|
|
Batting: LHB Greg Robertson
|
0-0: Reached on error, E1 (Groundball, 15, EV 73.1 MPH)
|
|
Pinch Hitting: RHB Rich Vanegas
|
0-0: Called Strike Greg Robertson steals 2nd base 0-1: Fly out, F7 (Flyball, 78M, EV 75.6 MPH)
|
|
Batting: RHB Logan Johnson
|
0-0: Called Strike 0-1: Foul Ball, location: 2F 0-2: Ball 1-2: Strikes out looking
|
| Top of the 5th over - 0 runs, 0 hits, 1 error, 1 left on base; University of Toronto 0 - Rice University 1 |
| BOTTOM OF THE 5TH |
|
Rice University Owls batting - Pitching for University of Toronto Marlies : LHP Ryan Quintero
|
|
Now at C: Conrade Gordon
|
|
|
Now at 1B: Rich Vanegas
|
|
|
Batting: RHB Alex Alvarez
|
0-0: Foul Ball, location: 2F 0-1: Called Strike 0-2: Ball 1-2: Ball 2-2: Ball 3-2: SINGLE (Groundball, 56D, EV 97.5 MPH)
|
|
Batting: RHB Bill Turcotte
|
0-0: Fielders Choice at 2nd, 1-4 (Groundball, P, EV 71.2 MPH)
|
|
Batting: RHB Emanuel Pulido
|
0-0: Reached on error, E4 (Groundball, 34, EV 111.9 MPH) Bill Turcotte to second
|
|
Batting: RHB Caleb Mercer
|
0-0: Foul Ball, location: 2F 0-1: Called Strike 0-2: Ball 1-2: Foul Ball, location: 2F 1-2: Ground out 5-3 (Groundball, 56S, EV 63.1 MPH) Bill Turcotte to third Emanuel Pulido to second
|
|
Batting: RHB Javier Quinones
|
0-0: Ball 1-0: Fly out, F6 (Popup, 6S, EV 70.0 MPH)
|
| Bottom of the 5th over - 0 runs, 1 hit, 1 error, 2 left on base; University of Toronto 0 - Rice University 1 |
| TOP OF THE 6TH |
|
University of Toronto Marlies batting - Pitching for Rice University Owls : RHP Kenny Kirk
|
|
Pitching: RHP Chris Hallman
|
|
|
Batting: SHB Jack Tierney
|
0-0: Ball 1-0: Ball 2-0: Ball 3-0: Called Strike 3-1: Called Strike 3-2: SOLO HOME RUN (Flyball, 8LXD, EV 117.5 MPH), Distance : 457 ft
|
|
Batting: RHB Elmar Adenauer
|
0-0: Called Strike 0-1: Ball 1-1: Ball 2-1: Called Strike 2-2: Strikes out swinging
|
|
Batting: RHB Luke Stannard
|
0-0: Ball 1-0: Called Strike 1-1: Ball 2-1: Ground out 5-3 (Groundball, 56, EV 92.5 MPH)
|
|
Batting: RHB Jeff McClellan
|
0-0: Ball 1-0: Swinging Strike 1-1: Fly out, F8 (Flyball, 89M, EV 86.9 MPH)
|
| Top of the 6th over - 1 run, 1 hit, 0 errors, 0 left on base; University of Toronto 1 - Rice University 1 |
| BOTTOM OF THE 6TH |
|
Rice University Owls batting - Pitching for University of Toronto Marlies : LHP Ryan Quintero
|
|
Pitching: RHP Brad Cannell
|
|
|
Batting: RHB Jose Soto
|
0-0: Fly out, F9 (Flyball, 9, EV 78.1 MPH)
|
|
Batting: SHB Dave Van Sickle
|
0-0: Fly out, F6 (Popup, 4M, EV 71.9 MPH)
|
|
Batting: RHB Neil Worth
|
0-0: Ball 1-0: SINGLE (Groundball, P, EV 90.0 MPH) (infield hit)
|
|
Batting: LHB Chris Gonzales
|
0-0: Ball 1-0: Foul Ball, location: 2F 1-1: Foul Ball, location: 2F 1-2: Ball 2-2: Ball 3-2: Fly out, F9 (Flyball, 9LS, EV 91.2 MPH)
|
| Bottom of the 6th over - 0 runs, 1 hit, 0 errors, 1 left on base; University of Toronto 1 - Rice University 1 |
| TOP OF THE 7TH |
|
University of Toronto Marlies batting - Pitching for Rice University Owls : RHP Chris Hallman
|
|
Pitching: LHP Mitchell Carter
|
|
|
Batting: RHB Charlie Townend
|
0-0: Swinging Strike 0-1: Ball 1-1: Ball 2-1: Swinging Strike 2-2: Ball 3-2: Foul Ball, location: 2F 3-2: Foul Ball, location: 2F 3-2: Strikes out swinging
|
|
Pinch Hitting: RHB Akichika Yamano
|
0-0: Called Strike 0-1: Swinging Strike 0-2: Ball 1-2: Ball 2-2: Strikes out swinging
|
|
Batting: LHB Greg Robertson
|
0-0: Ball 1-0: Called Strike 1-1: Swinging Strike 1-2: Foul Ball, location: 2F 1-2: Strikes out swinging
|
| Top of the 7th over - 0 runs, 0 hits, 0 errors, 0 left on base; University of Toronto 1 - Rice University 1 |
| BOTTOM OF THE 7TH |
|
Rice University Owls batting - Pitching for University of Toronto Marlies : RHP Brad Cannell
|
|
Pitching: RHP Gui Xú
|
|
|
Now in CF: Greg Robertson
|
|
|
Now in RF: Akichika Yamano
|
|
|
Pinch Hitting: RHB Allen Jarvis
|
0-0: Ball 1-0: Ball 2-0: Foul Ball, location: 2F 2-1: Foul Ball, location: 2F 2-2: DOUBLE (Line Drive, 7LS, EV 103.1 MPH)
|
|
Batting: RHB Bill Turcotte
|
0-0: Called Strike 0-1: Ball 1-1: Fly out, F8 (Flyball, 8LXD, EV 93.1 MPH) Runner from 2nd tags up, SAFE at 3rd, no throw by CF
|
|
Batting: RHB Emanuel Pulido
|
0-0: Ball 1-0: Ground out 6-3 (Groundball, 6, EV 109.4 MPH)
|
|
Batting: RHB Caleb Mercer
|
0-0: Ball 1-0: SINGLE (Flyball, 8LS, EV 87.5 MPH) Allen Jarvis scores
|
|
Batting: RHB Javier Quinones
|
0-0: Ball 1-0: Ball 2-0: Swinging Strike 2-1: Foul Ball, location: 2F 2-2: Ball 3-2: Fly out, F9 (Flyball, 89M, EV 88.1 MPH)
|
| Bottom of the 7th over - 1 run, 2 hits, 0 errors, 1 left on base; University of Toronto 1 - Rice University 2 |
| TOP OF THE 8TH |
|
University of Toronto Marlies batting - Pitching for Rice University Owls : LHP Mitchell Carter
|
|
Pitching: RHP Ben Filippone
|
|
|
Now at 2B: Emanuel Pulido
|
|
|
Now at SS: Allen Jarvis
|
|
|
Batting: RHB Rich Vanegas
|
0-0: Ball 1-0: Ball 2-0: Called Strike 2-1: SOLO HOME RUN (Line Drive, 9D, EV 101.2 MPH), Distance : 371 ft
|
|
Batting: SHB Conrade Gordon
|
0-0: Ball 1-0: Fly out, F7 (Flyball, 7, EV 91.9 MPH)
|
|
Batting: SHB Jack Tierney
|
0-0: Ball 1-0: Ball 2-0: SOLO HOME RUN (Flyball, 8LXD, EV 108.8 MPH), Distance : 448 ft
|
|
Batting: RHB Elmar Adenauer
|
0-0: Called Strike 0-1: Ball 1-1: Ball 2-1: Ball 3-1: Ground out 1-3 (Groundball, 13S, EV 74.4 MPH)
|
|
Batting: RHB Luke Stannard
|
0-0: Ball 1-0: Called Strike 1-1: Foul Ball, location: 2F 1-2: Strikes out swinging
|
| Top of the 8th over - 2 runs, 2 hits, 0 errors, 0 left on base; University of Toronto 3 - Rice University 2 |
| BOTTOM OF THE 8TH |
|
Rice University Owls batting - Pitching for University of Toronto Marlies : RHP Gui Xú
|
|
Pitching: RHP Aaron Knight
|
|
|
Batting: RHB Jose Soto
|
0-0: Ball 1-0: Ball 2-0: Ball 3-0: Called Strike 3-1: Base on Balls
|
|
Pinch Hitting: SHB Steve Wipf
|
0-0: Fly out, F7 (Flyball, 7, EV 80.0 MPH)
|
|
Batting: RHB Neil Worth
|
0-0: Called Strike 0-1: Fly out, F2 (Popup, 25F, EV 86.9 MPH)
|
|
Batting: LHB Chris Gonzales
|
0-0: Foul Ball, location: 2F 0-1: Called Strike 0-2: Ball 1-2: Ball 2-2: Ball 3-2: Base on Balls Jose Soto to second
|
|
Batting: RHB Allen Jarvis
|
0-0: Ball 1-0: Foul Ball, location: 2F 1-1: Foul Ball, location: 2F 1-2: Strikes out looking
|
| Bottom of the 8th over - 0 runs, 0 hits, 0 errors, 2 left on base; University of Toronto 3 - Rice University 2 |
| TOP OF THE 9TH |
|
University of Toronto Marlies batting - Pitching for Rice University Owls : RHP Ben Filippone
|
|
Pitching: LHP Jose Ruiz
|
|
|
Now in LF: Steve Wipf
|
|
|
Batting: RHB Jeff McClellan
|
0-0: Ground out 5-3 (Groundball, 56, EV 80.6 MPH)
|
|
Batting: RHB Charlie Townend
|
0-0: Called Strike 0-1: Ground out 6-3 (Groundball, 6S, EV 76.9 MPH)
|
|
Batting: RHB Akichika Yamano
|
0-0: Called Strike 0-1: Ball 1-1: Ball 2-1: Ball 3-1: Foul Ball, location: 2F 3-2: Reached on error, E4 (Groundball, 4M, EV 108.1 MPH)
|
|
Batting: LHB Greg Robertson
|
0-0: Fly out, F9 (Flyball, 9LM, EV 95.0 MPH)
|
| Top of the 9th over - 0 runs, 0 hits, 1 error, 1 left on base; University of Toronto 3 - Rice University 2 |
| BOTTOM OF THE 9TH |
|
Rice University Owls batting - Pitching for University of Toronto Marlies : RHP Aaron Knight
|
|
Pinch Hitting: LHB Aldred Lieshout
|
0-0: Ball 1-0: Ball 2-0: Ball 3-0: Base on Balls
|
|
Batting: RHB Emanuel Pulido
|
0-0: Hit by Pitch Aldred Lieshout to second
|
|
Batting: RHB Caleb Mercer
|
0-0: Ball 1-0: Ball 2-0: Swinging Strike 2-1: Sac Bunt to 13S - play at first, batter safe! Aldred Lieshout to third Emanuel Pulido to second
|
|
Batting: RHB Javier Quinones
|
0-0: Ball 1-0: Foul Ball, location: 2F 1-1: Grounds into fielders choice 6-2 (Groundball, 56S, EV 84.4 MPH) Emanuel Pulido to third Caleb Mercer to second
|
|
Pitching: LHP Nick Holt
|
|
|
Batting: LHB Sergio Becerra
|
0-0: Fly out, F9 (Line Drive, 9LM, EV 91.2 MPH) Runner from 3rd tags up, SCORES, throw by RF
|
|
Batting: SHB Steve Wipf
|
0-0: Ball 1-0: Foul Ball, location: 2F 1-1: Ball 2-1: Foul Ball, location: 2F 2-2: Reached on error, E4 (Groundball, 4D, EV 81.2 MPH) Caleb Mercer to third Javier Quinones to second
|
|
Pinch Hitting: RHB Nick Biel
|
0-0: Fielders Choice at 2nd, 6-4 (Groundball, 6, EV 101.9 MPH)
|
| Bottom of the 9th over - 1 run, 1 hit, 1 error, 3 left on base; University of Toronto 3 - Rice University 3 |
| TOP OF THE 10TH |
|
University of Toronto Marlies batting - Pitching for Rice University Owls : LHP Jose Ruiz
|
|
Pitching: RHP Michael Benford
|
|
|
Now at C: Aldred Lieshout
|
|
|
Now at 1B: Nick Biel
|
|
|
Batting: RHB Rich Vanegas
|
0-0: Called Strike 0-1: Called Strike 0-2: Strikes out swinging
|
|
Batting: SHB Conrade Gordon
|
0-0: Swinging Strike 0-1: Swinging Strike 0-2: Strikes out swinging
|
|
Batting: SHB Jack Tierney
|
0-0: Called Strike 0-1: Fly out, F6 (Popup, 6S, EV 76.9 MPH)
|
| Top of the 10th over - 0 runs, 0 hits, 0 errors, 0 left on base; University of Toronto 3 - Rice University 3 |
| BOTTOM OF THE 10TH |
|
Rice University Owls batting - Pitching for University of Toronto Marlies : LHP Nick Holt
|
|
Batting: LHB Chris Gonzales
|
0-0: Ball 1-0: Foul Ball, location: 2F 1-1: SOLO HOME RUN (Flyball, 9D, EV 101.9 MPH), Distance : 392 ft
|
| Bottom of the 10th over - 1 run, 1 hit, 0 errors, 0 left on base; University of Toronto 3 - Rice University 4 |
|